 Dungeon Crawl Stone Soup version 0.20.0-7-g3b7b877 (webtiles) character file.

8026 Hasart the Spear-Bearer (level 11, -2/75 HPs)
             Began as an Octopode Fighter on May 30, 2017.
             Slain by an orc warrior
             ... wielding a +0 glaive
              (15 damage)
             ... on level 10 of the Dungeon.
             The game lasted 00:21:59 (11542 turns).

Hasart the Spear-Bearer (Octopode Fighter)         Turns: 11542, Time: 00:22:00

Health: -2/75      AC:  1    Str: 17    XL:     11   Next: 24%
Magic:  16/16      EV: 17    Int: 10    God:
Gold:   278        SH:  0    Dex: 12    Spells: 2/10 levels left

rFire    . . .     SeeInvis .   z - +11 halberd of Tumult {drain, *Corrode +Blink rPois Dex-2}
rCold    . . .     Gourm    .   (shield currently unavailable)
rNeg     . . .     Faith    .   (helmet restricted)
rPois    +         Spirit   .   L - amulet of rage
rElec    .         Reflect  .   y - ring of protection from magic
rCorr    .         Harm     .   (no ring)
MR       +....                  (no ring)
Stlth    ++........             (no ring)
Regen    0.3/turn               (no ring)
MPRegen  0.2/turn               (no ring)
                                (no ring)
                                (no ring)

@: lethally poisoned (-2 -> -5)
A: almost no armour, stealthy swim, amphibious, 8 rings, constrict 8, camouflage
1, gelatinous body 1
a: Evoke Blink, Evoke Berserk Rage


You were on level 10 of the Dungeon.
You were not hungry.

You visited 2 branches of the dungeon, and saw 11 of its levels.
You also visited: Sewer.

You collected 485 gold pieces.
You spent 207 gold pieces at shops.

Inventory:

Hand Weapons
 w - a +0 trident
 z - the +11 halberd of Tumult (weapon) {drain, *Corrode +Blink rPois Dex-2}
   (You bought it in a shop on level 7 of the Dungeon)

   A truly terrible weapon, it drains the life of those it strikes.
   It affects your dexterity (-2).
   It protects you from poison.
   It lets you blink.
   It may corrode you when you take damage.
Armour
 n - a +0 large shield
Jewellery
 y - a ring of protection from magic (left tentacle)
 B - an uncursed amulet of magic regeneration
 L - an amulet of rage (around mantle)
Wands
 a - a wand of enslavement (10/24)
 l - a wand of flame (22/48)
 x - a wand of lightning (13/15)
 H - a wand of flame (24/48)
 N - a wand of flame (23/48)
Scrolls
 b - 2 scrolls of immolation {unknown}
 g - 9 scrolls of remove curse
 i - 2 scrolls of magic mapping {unknown}
 j - 3 scrolls of fear {unknown}
 k - 12 scrolls of identify {unknown}
 m - 2 scrolls of enchant weapon {unknown}
 u - 2 scrolls of enchant armour {unknown}
 E - a scroll of acquirement {unknown}
 F - a scroll of brand weapon {unknown}
 G - a scroll of amnesia {unknown}
 I - a scroll of blinking {unknown}
 J - a scroll of random uselessness {unknown}
 M - a scroll of teleportation {unknown}
Potions
 c - 2 potions of might
 e - 2 potions of ambrosia {unknown}
 o - 7 potions of curing {unknown}
 p - 6 potions of heal wounds {unknown}
 q - a potion of magic {unknown}
 r - a potion of mutation {unknown}
 s - a potion of brilliance {unknown}
 t - 5 potions of haste {unknown}
 v - 3 potions of flight {unknown}
 C - a potion of degeneration {unknown}
 D - a potion of agility {unknown}
Books
 K - a book of Changes

   Spells                             Type                      Level
   a - Beastly Appendage              Transmutation                1
   b - Sticks to Snakes               Transmutation                2
   c - Spider Form                    Transmutation/Poison         3
   d - Ice Form                       Ice/Transmutation            4
   e - Blade Hands                    Transmutation                5
 O - a book of Transfigurations

   Spells                             Type                      Level
   a - Irradiate                      Conjuration/Transmutation    5
   b - Statue Form                    Transmutation/Earth          6
   c - Hydra Form                     Transmutation                6
   d - Dragon Form                    Transmutation                7
 P - a book of Minor Magic

   Spells                             Type                      Level
   a - Magic Dart                     Conjuration                  1
   b - Blink                          Translocation                2
   c - Call Imp                       Summoning                    2
   d - Slow                           Hexes                        2
   e - Conjure Flame                  Conjuration/Fire             3
   f - Mephitic Cloud                 Conjuration/Poison/Air       3
 Q - a book of Spatial Translocations

   Spells                             Type                      Level
   a - Blink                          Translocation                2
   b - Shroud of Golubria             Charms/Translocation         2
   c - Lesser Beckoning               Translocation                3
   d - Gell's Gravitas                Translocation                3
   e - Teleport Other                 Translocation                3
   f - Passage of Golubria            Translocation                4
Comestibles
 d - 7 bread rations
 f - a fruit
 h - 7 royal jellies
 A - 4 meat rations
 R - 8 chunks of flesh


   Skills:
 + Level 7.5 Fighting
 * Level 10.1 Polearms
 + Level 7.9 Dodging
 + Level 7.4 Shields
 + Level 0.3 Spellcasting
 + Level 0.6 Translocations
 + Level 1.2 Transmutations
 + Level 0.4 Earth Magic
 - Level 7.3 Evocations


You had 2 spell levels left.
You knew the following spells:

 Your Spells              Type           Power        Failure   Level  Hunger
a - Blink                 Tloc           N/A          41%         2    ###....
b - Statue Form           Tmut/Erth      #........    100%        6    #######


Dungeon Overview and Level Annotations

Branches:
Dungeon (10/15)            Temple (1/1) D:5
   Lair: D:8-11         Orc: D:9-12

Altars:
Ashenzari
Cheibriados
Dithmenos
Elyvilon
Fedhas
Gozag
Hepliaklqana
Kikubaaqudgha
Makhleb
Nemelex Xobeh
Okawaru
Qazlal
Ru
Sif Muna
Trog
Uskayaw
Vehumet
Xom
Yredelemnul
Zin
The Shining One

Shops:
D:7 *   D:8 ?   D:10 %


Innate Abilities, Weirdness & Mutations

You cannot wear most types of armour.
You are very stealthy in the water. (Stealth+)
You are amphibious.
You can wear up to eight rings at the same time.
You can use your tentacles to constrict eight enemies at once.
Your skin changes colour to match your surroundings (Stealth+).
Your rubbery body absorbs attacks. (AC +1, EV +1)


Message History

The killer bee stings you!
You are too injured to fight recklessly!
You are too injured to fight recklessly!
You are too injured to fight recklessly!
You are too injured to fight recklessly!
You are too injured to fight recklessly!
Unknown command.
You miss the killer bee. You grab the killer bee. You constrict the killer bee.
The killer bee misses you. The killer bee stings you!
You are poisoned.
The killer bee poisons you!
The orc warrior hits you from afar with a glaive!
* * * LOW HITPOINT WARNING * * *
You slash the killer bee! Your squeeze misses the killer bee.
The killer bee is almost dead.
You constrict the killer bee.
You kill the killer bee!
You feel sick.
The orc warrior hits you from afar with a glaive!
You die...

# $.. .. .. ... ##t# ...y
#.. #....###t# #.#.....##
.#...#..y.# ########
........)oo####......#
.........{t†@........#
........#######......#
........#######......#
.....................#
......#..............# ..
#.....†...###..######
.########....#..###.##
....#####...###.# #..######
................####......#


You could see an orc warrior, a crocodile, a killer bee and an orc wizard.

Vanquished Creatures
  2 two-headed ogres (D:8)
  A tengu warrior (D:10)
  3 trolls
  A hippogriff (D:10)
  A wyvern (D:10)
  A wraith (D:10)
  A hungry ghost (D:6)
  Duvessa (D:6)
  A water moccasin (D:10)
  2 phantoms (D:5)
  4 orc warriors
  4 ice beasts
  A necrophage (D:6)
  A hornet zombie (D:6)
  2 ogres
  5 centaurs
  A big kobold (Sewer)
  A crocodile (D:8)
  7 bullfrogs
  2 scorpions
  Dowan (D:6)
  12 killer bees
  3 wights (D:6)
  2 howler monkeys
  4 crimson imps
  A bullfrog zombie (D:5)
  3 orc priests
  A bullfrog skeleton (D:6)
  3 jellies
  6 hounds
  3 centaur skeletons
  3 iguanas
  6 orc wizards
  8 worker ants
  2 hound skeletons (D:6)
  21 gnolls
  15 adders
  A river rat (Sewer)
  2 shadow imps
  An ooze (D:2)
  An adder skeleton (D:8)
  3 worms
  2 dart slugs
  4 leopard geckos
  26 orcs
  2 ball pythons
  6 giant cockroaches
  4 goblins
  4 hobgoblins
  9 jackals
  12 kobolds
  8 quokkas
  10 bats
  4 frilled lizards
  A quokka skeleton (D:9)
  19 rats
255 creatures vanquished.

Notes
Turn   | Place    | Note
-------+----------+-------------------------------------------
     0 | D:1      | Hasart the Octopode Fighter began the quest for the Orb.
     0 | D:1      | Reached XP level 1. HP: 16/16 MP: 1/1
   246 | D:1      | Reached XP level 2. HP: 21/21 MP: 2/2
   604 | D:1      | Reached XP level 3. HP: 23/26 MP: 3/3
  1144 | D:2      | Noticed a moth of wrath
  1146 | D:2      | Found a bloodstained altar of Trog.
  1157 | D:2      | Reached skill level 3 in Polearms
  1533 | D:2      | Reached XP level 4. HP: 28/31 MP: 4/4
  2348 | D:3      | Reached XP level 5. HP: 36/37 MP: 5/5
  2407 | D:3      | Found a faded altar of an unknown god.
  2722 | D:3      | Found a glowing golden altar of the Shining One.
  3177 | D:4      | Reached skill level 4 in Polearms
  3177 | D:4      | Reached XP level 6. HP: 29/43 MP: 6/6
  3319 | D:4      | Reached skill level 1 in Evocations
  3958 | D:4      | Reached XP level 7. HP: 43/48 MP: 8/8
  4297 | D:5      | Entered Level 5 of the Dungeon
  4297 | D:5      | Found a staircase to the Ecumenical Temple.
  4305 | D:5      | Found a glowing drain.
  4313 | Temple   | Entered the Ecumenical Temple
  4381 | D:5      | Reached skill level 5 in Polearms
  4523 | Sewer    | Entered a sewer
  4770 | Sewer    | Found a white marble altar of Elyvilon.
  4997 | D:5      | Reached XP level 8. HP: 27/54 MP: 10/10
  5267 | D:5      | You fall through a shaft!
  5283 | D:6      | Reached skill level 5 in Dodging
  5294 | D:6      | Reached skill level 5 in Fighting
  5301 | D:6      | Reached skill level 6 in Polearms
  5305 | D:6      | Reached skill level 5 in Shields
  6002 | D:6      | Reached XP level 9. HP: 29/61 MP: 12/12
  6317 | D:6      | Noticed Dowan
  6318 | D:6      | Noticed Duvessa
  6331 | D:6      | Killed Dowan
  6342 | D:6      | Killed Duvessa
  6342 | D:6      | Reached skill level 7 in Polearms
  6974 | D:6      | Reached skill level 5 in Evocations
  7493 | D:7      | Found Loofuirosy's Assorted Antiques.
  7496 | D:7      | Bought a brightly glowing halberd for 207 gold pieces
  7501 | D:7      | Identified the +11 halberd of Tumult {drain, *Corrode +Blink rPois Dex-2} (You bought it in a shop on level 7 of the Dungeon)
  8399 | D:8      | Found Lylazxoq's Magic Scroll Boutique.
  8478 | D:8      | Noticed a two-headed ogre
  8480 | D:8      | Killed a two-headed ogre
  8480 | D:8      | Reached skill level 8 in Polearms
  8480 | D:8      | Reached XP level 10. HP: 35/69 MP: 14/14
  9201 | D:8      | Found a shattered altar of Ashenzari.
  9342 | D:8      | Noticed a two-headed ogre
  9349 | D:8      | Killed a two-headed ogre
  9683 | D:9      | Reached skill level 9 in Polearms
 10405 | D:9      | Found a shimmering altar of Xom.
 10407 | D:9      | Found a burning altar of Makhleb.
 10634 | D:9      | Found an opulent altar of Gozag.
 10706 | D:10     | Entered Level 10 of the Dungeon
 10706 | D:10     | Found Emeufoupp's Food Shop.
 11005 | D:10     | Reached XP level 11. HP: 51/75 MP: 16/16
 11072 | D:10     | Noticed a tengu warrior
 11076 | D:10     | Killed a tengu warrior
 11253 | D:10     | Learned a level 2 spell: Blink
 11260 | D:10     | Learned a level 6 spell: Statue Form
 11343 | D:10     | Reached skill level 10 in Polearms
 11347 | D:10     | Reached skill level 1 in Transmutations
 11542 | D:10     | Slain by an orc warrior

Skill      XL: |  1  2  3  4  5  6  7  8  9 10 11 |
---------------+----------------------------------+-----
Polearms       | 3 4 5 6 8 9 10 | 10.1
Dodging        | 4 5 6 7 |  7.9
Evocations     | 1 3 4 5 7 |  7.3
Fighting       | 4 5 6 7 |  7.5
Shields        | 4 5 6 7 |  7.4
Transmutations | 1 |  1.2
Spellcasting   | |  0.3
Translocations | |  0.6
Earth Magic    | |  0.4

Action                   |  1- 3 |  4- 6 |  7- 9 | 10-12 || total
-------------------------+-------+-------+-------+-------++-------
Melee: Trident           |    90 |   121 |   265 |       ||   476
       Constrict         |    15 |    30 |    58 |    13 ||   116
       Tentacles         |    10 |    24 |    68 |    15 ||   117
       Halberd           |       |       |    27 |   168 ||   195
Evoke: Wand              |       |     3 |     1 |       ||     4
  Use: Potion            |       |       |     1 |       ||     1
       Scroll            |       |       |     2 |       ||     2
 Stab: Sleeping          |     5 |    10 |     9 |     9 ||    33
       Distracted        |       |     1 |     1 |     1 ||     3
  Eat: Chunk             |     2 |     8 |    14 |    10 ||    34
       Fruit             |       |       |     3 |       ||     3
Armor: Skin              |     7 |     5 |     4 |     1 ||    17
Dodge: Dodged            |    32 |    33 |   100 |   101 ||   266
Block: Shield            |    31 |    16 |       |       ||    47
       Large shield      |       |    36 |   158 |       ||   194
